 Dungeon Crawl Stone Soup version 0.22-a0-274-gf8199ec (webtiles) character file.

28 neds the Chucker (level 3, 33/33 HPs)
             Began as a Troll Hunter on Mar 14, 2018.
             Got out of the dungeon alive.
             The game lasted 00:03:10 (1254 turns).

neds the Chucker (Troll Hunter)                     Turns: 1254, Time: 00:03:11

Health: 33/33      AC:  5    Str: 20    XL:     3   Next: 0%
Magic:  2/2        EV: 10    Int:  8    God:
Gold:   49         SH:  0    Dex: 10    Spells: 2/2 levels left

rFire    . . .     SeeInvis .     - Unarmed
rCold    . . .     Gourm    +   (no shield)
rNeg     . . .     Faith    .   b - +0 robe
rPois    .         Spirit   .   (helmet restricted)
rElec    .         Reflect  .   (no cloak)
rCorr    .         Harm     .   (gloves unavailable)
MR       .....                  (boots unavailable)
Stlth    +.........             (no amulet)
HPRegen  0.51/turn              (no ring)
MPRegen  0.08/turn              (no ring)

@: no status effects
A: large, unfitting armour, claws 3, fast metabolism 3, gourmand, regeneration
1, shaggy fur 1, tough skin 2
a: no special abilities


You escaped.
You were completely stuffed.

You visited 1 branch of the dungeon, and saw 2 of its levels.

You collected 49 gold pieces.

Inventory:

Hand Weapons
 a - a +0 short sword
Missiles
 c - 5 large rocks (quivered)
 d - 2 throwing nets
Armour
 b - a +0 robe (worn)
Jewellery
 o - an uncursed amulet of the gourmand {unknown}
Scrolls
 h - a scroll of remove curse {unknown}
 i - a scroll of teleportation {unknown}
 j - a scroll of amnesia {unknown}
 l - a scroll of fog {unknown}
 m - a scroll of identify {unknown}
Potions
 e - a potion of haste {unknown}
 g - a potion of heal wounds {unknown}
 k - a potion of flight {unknown}
 n - 2 potions of invisibility {unknown}
Comestibles
 f - 3 rations
 p - 7 chunks of flesh


   Skills:
 - Level 1.5 Fighting
 + Level 4.1 Throwing
 - Level 1.5 Dodging
 - Level 0.3 Stealth
 + Level 1.8 Unarmed Combat


You had 2 spell levels left.
You didn't know any spells.

Dungeon Overview and Level Annotations

Branches:
Dungeon (2/15)

Altars:


Innate Abilities, Weirdness & Mutations

You are too large for most types of armour.
You have claws for hands.
Your metabolism is lightning-fast.
You like to eat raw meat.
Your natural rate of healing is unusually fast.
You are covered in fur. (AC +1)
You have very tough skin. (AC +2)


Message History

Increase (S)trength, (I)ntelligence, or (D)exterity?
You feel clever.
You feel stronger.
You see here a jackal corpse.
You butcher the jackal corpse.
p - 5 chunks of flesh (gained 3)
You see here a jackal corpse.
You butcher the jackal corpse.
p - 8 chunks of flesh (gained 3) Unknown command.
Unknown command.
Unknown command.
Eating one of 8 chunks of flesh.
You eat one of the 8 chunks of flesh.
This raw flesh tastes great.
There is a stone staircase leading up here.
You climb upwards.
There is a stone staircase leading down here.
There is an open door here.
There is a staircase leading out of the dungeon here.
Are you sure you want to leave the Dungeon?
This will make you lose the game!
You have escaped!

#.######## ########.#
##'......####......'##
#........##........#
#...##...##...##...#
#..####..##..####..#
#..####..##..####..# #
#...##...##...##...# #
#..................# #
######.......@........## #
#....######..##..######
####.#########..##..######
.......##....(...........##
####.###).................#
## #
#...#...##...##...##...# #.
# #####..####..##..####..#
#. #..####..##..####..# #.
#...##...##...##...# #.


There were no monsters in sight!

Vanquished Creatures
  A giant cockroach (D:1)
  3 hobgoblins
  6 jackals
  A ball python (D:2)
  4 bats (D:1)
  4 frilled lizards (D:1)
  3 kobolds (D:1)
  6 rats
28 creatures vanquished.

Notes
Turn   | Place    | Note
-------+----------+-------------------------------------------
     0 | D:1      | neds the Troll Hunter began the quest for the Orb.
     0 | D:1      | Reached XP level 1. HP: 19/19 MP: 0/0
    82 | D:1      | Reached skill level 1 in Unarmed Combat
   174 | D:1      | Reached XP level 2. HP: 27/27 MP: 1/1
   544 | D:1      | Reached skill level 4 in Throwing
  1175 | D:2      | Reached XP level 3. HP: 32/33 MP: 2/2
  1254 | D:$      | Got out of the dungeon alive.

Vault maps used:
D:1:      minmay_arrival_four_loops
D:2:      cheibrodos_old_hovel, minivault_19

Skill      XL: |  1  2 |
---------------+-------+-----
Unarmed Combat | 1 |  1.8
Throwing       | 4 |  4.1
Fighting       | |  1.5
Dodging        | |  1.5
Stealth        | |  0.3

Action                   || total
-------------------------++-------
Melee: Unarmed           ||    83
 Stab: Sleeping          ||     2
  Eat: Chunk             ||    17
Armor: Robe              ||    32
Dodge: Dodged            ||    57

Table legend:
 A = Spawn XP
 B = Non-spawn XP
 C = Spawn XP percentage of total XP
 D = Spawn monster count
 E = Non-spawn monster count
 F = Spawn count percentage of total count
 G = Total turns spent on level
                    A         B        C        D         E        F      G
               +---------+---------+-------+---------+---------+-------+---------
         Total |       0 |      41 |   0.0 |       0 |      28 |   0.0 |  1254
               +---------+---------+-------+---------+---------+-------+---------
           D:1 |       0 |      31 |   0.0 |       0 |      21 |   0.0 |   949
           D:2 |       0 |      10 |   0.0 |       0 |       7 |   0.0 |   305
               +---------+---------+-------+---------+---------+-------+---------
